 Dungeon Crawl Stone Soup version 0.29.1-1-gd02db6906a (webtiles) character file.

Game seed: 1747437028357609894

575322 Zeld the Conqueror (level 25, -4/385 HPs)
             Began as a Minotaur Berserker on Oct 12, 2022.
             Was a High Priest of Trog.
             Succumbed to a green draconian's poison
             ... on level 3 of the Realm of Zot.
             The game lasted 01:47:40 (106851 turns).

Zeld the Conqueror (Minotaur Berserker)           Turns: 106851, Time: 01:47:41

Health: -4/385     AC: 31    Str: 22 (34) XL:     25   Next: 76%
Magic:  26/26      EV: 12    Int:  0 (10) God:    Trog [*****.]
Gold:   2094       SH: 12    Dex: 11 (21) Spells: 24/24 levels left

rFire   + + .      SeeInvis +   a - +7 broad axe of the Swamp {vorpal, rCorr}
rCold   + + +      Faith    .   l - +2 kite shield {reflect}
rNeg    + + .      Spirit   .   T - +3 gold dragon scales
rPois   +          Reflect  +   D - +2 hat
rElec   +          Harm     .   q - scarf {rC+ rF+}
rCorr   +          Rampage  +   g - +2 pair of gloves of Calculation {Contam rPois rC++ Str+2}
Will    ++...                   s - +1 pair of boots of the Other World {+Inv rElec MP+9}
Stlth   ..........              N - amulet of Qazlal's Esteem {Acrobat Rampage Drain Dex+4 Slay+2}
HPRegen 0.74/turn               v - +6 ring of intelligence
MPRegen 0.20/turn               V - ring of Bitagroi {rN++ Will+ Str+3 Dex+6 SInv}

@: mighty, berserking (expiring), lethally poisoned (-4 -> -38), corroded,
slowed, lost intelligence, unable to read
A: horns 2, retaliatory headbutt, iridescent scales 1, clumsy 1, deformed body,
low MP 2, weak 1, subdued magic 1, MP-powered wands
}: 3/15 runes: serpentine, barnacled, silver
a: Renounce Religion, Evoke Invisibility, Berserk, Trog's Hand, Brothers in Arms


You were on level 3 of the Realm of Zot.
You worshipped Trog.
Trog was extremely pleased with you.
You visited 12 branches of the dungeon, and saw 52 of its levels.
You visited the Abyss 1 time.
You also visited: Sewer, Ossuary, Gauntlet, Volcano and Desolation.

You collected 8521 gold pieces.
You spent 6427 gold pieces at shops.

Inventory:

Hand Weapons
 a - the +7 broad axe of the Swamp (weapon) {vorpal, rCorr}
   (You found it in a Gauntlet)

   It inflicts extra damage upon your enemies.
   rCorr:     It protects you from acid and corrosion.
 b - the +7 great mace "Firestarter" {inner flame, rF++}
   (You took it off a minotaur in a Gauntlet)

   It burns those it strikes, dealing additional fire damage.
   It fills those it strikes with an explosive inner flame.
   It grants immunity to clouds of flame.
   rF:        It greatly protects you from fire.
Missiles
 e - 7 silver javelins
 o - 54 boomerangs
 p - 64 poisoned darts
 y - 20 javelins
 A - 10 atropa-tipped darts
 B - 6 datura-tipped darts
 I - 13 curare-tipped darts
 L - 3 silver boomerangs
 W - 6 boomerangs of dispersal
Armour
 g - the +2 pair of gloves of Calculation (worn) {Contam rPois rC++ Str+2}
   (You bought it in a shop on level 4 of the Shoals)

   Str:       It affects your strength (+2).
   rC:        It greatly protects you from cold.
   rPois:     It protects you from poison.
   Contam:    It causes magical contamination when unequipped.
 l - a +2 kite shield of reflection (worn)
 q - a scarf of resistance (worn)
 s - the +1 pair of boots of the Other World (worn) {+Inv rElec MP+9}
   (You found it on level 1 of the Shoals)

   rElec:     It insulates you from electricity.
   MP:        It affects your magic capacity (+9).
   +Inv:      It lets you turn invisible.
 D - a +2 hat (worn)
 J - the +3 Mad Mage's Maulers {Infuse+∞ RegenMP Int-3}
   (You found it in the Desolation of Salt)

   It empowers its wearer's blows with all of their magic.
   It causes its wearer's magical reserves to regenerate more quickly.
   Int:       It affects your intelligence (-3).
 T - +3 gold dragon scales (worn)
Jewellery
 v - a +6 ring of intelligence (left hand)
 N - the amulet of Qazlal's Esteem (around neck) {Acrobat Rampage Drain Dex+4 Slay+2}
   (You found it on level 7 of the Dungeon)

   [amulet of the acrobat]

   It increases your evasion while moving and waiting.
   Dex:       It affects your dexterity (+4).
   Slay:      It affects your accuracy & damage with ranged weapons and melee
   (+2).
   Drain:     It drains your maximum health when unequipped.
   Rampage:   It bestows one free step when moving towards enemies.
 P - a ring of poison resistance
 Q - a ring of flight
 V - the ring of Bitagroi (right hand) {rN++ Will+ Str+3 Dex+6 SInv}
   (You took it off a minotaur in a Gauntlet)

   [ring of dexterity]

   Str:       It affects your strength (+3).
   Dex:       It affects your dexterity (+6).
   rN:        It greatly protects you from negative energy.
   SInv:      It lets you see invisible.
   Will:      It increases your willpower.
Wands
 c - a wand of iceblast (22)
 h - a wand of paralysis (28)
 i - a wand of mindburst (37)
 F - a wand of digging (29)
 R - a wand of light (24)
 S - a wand of flame (80)
 X - a wand of polymorph (21)
Scrolls
 d - 9 scrolls of fear
 x - 21 scrolls of teleportation
 Z - a scroll of summoning
Potions
 j - 14 potions of heal wounds
 m - 27 potions of curing
 t - 6 potions of mutation
 u - 12 potions of might
 w - 13 potions of invisibility
 z - 8 potions of ambrosia
 C - 11 potions of cancellation
 E - 9 potions of haste
 G - 7 potions of berserk rage
 Y - 5 potions of resistance
Miscellaneous
 n - a lightning rod (4/4)
 H - a box of beasts
 K - a phial of floods
 O - a condenser vane
 U - a phantom mirror


   Skills:
 O Level 27 Fighting
 - Level 18.0 Axes
 O Level 27 Armour
 * Level 25.6 Dodging
 + Level 7.8 Shields
 + Level 22.8 Evocations


You had 24 spell levels left.
You didn't know any spells.
Your spell library was empty.

Dungeon Overview and Level Annotations

Branches:
Dungeon (15/15)            Temple (1/1) D:6            Lair (5/5) D:9
 Shoals (4/4) Lair:2        Snake (4/4) Lair:3        Slime (1/5) Lair:5
    Orc (2/2) D:9             Elf (3/3) Orc:2        Vaults (5/5) D:13
  Crypt (3/3) Vaults:2     Depths (4/4) D:15            Zot (5/5) Depths:4
  Sewer (visited)         Ossuary (visited)         Volcano (visited)
Desolation (visited)      Gauntlet (visited)
   Tomb: Crypt:3

Altars:
Ashenzari
Cheibriados
Dithmenos
Elyvilon
Fedhas
Gozag
Hepliaklqana
Kikubaaqudgha
Makhleb
Nemelex Xobeh
Okawaru
Qazlal
Ru
Sif Muna
Trog
Uskayaw
Vehumet
Wu Jian
Xom
Yredelemnul
Zin
The Shining One

Shops:
D:1 (   D:2 [   D:7 =   D:12 =   D:14 **   Orc:2 ((?[[*(:   Shoals:4 [*[:
Snake:1 *   Vaults:1 *   Vaults:3 [   Depths:1 =::   Depths:3 !:

Portals:
Hell: Depths:1 Depths:2 Depths:3 Depths:4
Abyss: Depths:3
Pandemonium: Depths:2
Ziggurat: Depths:4

Annotations:
Zot:5 exclusion: obsidian statue


Innate Abilities, Weirdness & Mutations

You have a pair of horns on your head.
You reflexively headbutt those who attack you in melee.
You are partially covered in iridescent scales. (AC +2)
You are clumsy. (Dex -2)
Armour fits poorly on your strangely shaped body.
Your magical capacity is very low. (-20% MP)
You are weak. (Str -2)
Your spells are a little easier to cast, but a little less powerful.
You expend magic power (3 MP) to strengthen your wands.


Message History

The green draconian is severely wounded.
You slash the white draconian stormcaller! x2
You barely miss the green draconian monk.
The black draconian misses you.
The white draconian stormcaller hits you with a +0 dagger!
* * * LOW HITPOINT WARNING * * *
You block the green draconian monk's attack.
The green draconian monk kicks you but does no damage.
The green draconian monk tail-slaps you.
* * * LOW HITPOINT WARNING * * *
The green draconian monk tail-slaps you but does no damage.
The green draconian barely misses you. The green draconian tail-slaps you.
* * * LOW HITPOINT WARNING * * *
You are lethally poisoned!
The green draconian poisons you!
The white draconian stormcaller hits you but does no damage.
Unknown command.
You slice the white draconian stormcaller!!
You kill the white draconian stormcaller!
Trog accepts your kill.
You closely miss the green draconian monk.
You slash the white draconian stormcaller!
You closely miss the green draconian.
* * * LOW HITPOINT WARNING * * *
You feel extremely sick.
The white draconian stormcaller hits you but does no damage.
The black draconian misses you.
The green draconian hits you but does no damage.
The green draconian tail-slaps you!
* * * LOW HITPOINT WARNING * * *
The green draconian monk barely misses you.
You furiously retaliate!
You headbutt the green draconian monk!
The green draconian monk barely misses you.
The green draconian monk tail-slaps you but does no damage. x2
Unknown command.
You miss the green draconian monk.
The green draconian monk is severely wounded.
You hit the green draconian but do no damage.
You barely miss the white draconian stormcaller.
You die...

#..... ##q... #kq..#
#☼...# #°...# ###..?#
########.....#
.......d.....###...#
......)@).....##...#
.....dq.q.....##...#
.######)).##...##...#
#.........#######...#
#.......### #......#
#.......######......#
....................##
...#####...######....#
... #...# #....#


You could see a green draconian monk, a black draconian, a green draconian and a
white draconian stormcaller.

Vanquished Creatures
  2 dread liches
  5 orbs of fire
  An ancient lich (Zot:4)
  4 Killer Klowns
  Josephina (Crypt:2)
  Bai Suzhen (Vaults:4)
  3 curse toes
  A caustic shrike (Depths:4)
  12 golden dragons
  19 tentacled monstrosities
  Rupert (Lair:3)
  11 Orb Guardians
  8 liches
  A deep elf master archer (Elf:3)
  Zenata (Vaults:1)
  A shard shrike skeleton (Crypt:1)
  2 titans (Vaults:5)
  7 quicksilver dragons
  3 deep elf blademasters
  8 death cobs
  The ghost of LustLizard the Eclecticist, an adept DjFE of Ashenzari (Shoals:3)
  2 ancient champions
  3 sphinxes
  3 tentacled starspawn
  Kirke (Lair:4)
  Frances (D:13)
  8 tengu reavers
  12 storm dragons
  9 fire giants
  10 shadow dragons
  6 draconian monks
  2 draconian knights
  6 nagarajas
  Ilsuiw (Shoals:4)
  10 frost giants
  3 azure jellies (Lair:5)
  An iron dragon (Depths:1)
  Aizul (Snake:4)
  3 ghost moths
  2 emperor scorpions (Depths:2)
  Louise (Snake:3)
  2 revenants (Crypt:2)
  A balrug (Abyss:2)
  2 orc warlords
  6 draconian scorchers
  8 deep elf sorcerers
  2 imperial myrmidons (Desolation)
  3 angels
  6 deep elf elementalists (Elf:3)
  12 vault wardens
  5 draconian stormcallers
  A draconian shifter (Zot:3)
  The ghost of Jaliuk the Eclecticist, a journeyman DECj of Vehumet (D:14)
  14 ironbound preservers
  A curse skull (Crypt:1)
  4 draconian annihilators
  5 war gargoyles
  A broodmother (shapeshifter) (Vaults:4)
  3 ghouls
  14 very ugly things
  17 stone giants
  3 ironbound thunderhulks
  2 spriggan defenders
  4 green draconians
  3 deep elf annihilators (Elf:3)
  9 black draconians
  5 vampire knights
  7 dire elephants
  2 halazid warlocks (Desolation)
  12 deep elf demonologists
  2 entropy weavers (Vaults:2)
  11 red draconians
  3 spark wasps
  A minotaur (Gauntlet)
  12 yellow draconians
  4 eidola (Crypt:2)
  10 purple draconians
  10 white draconians
  A crystal guardian (Desolation)
  11 merfolk impalers
  A blizzard demon (Depths:1)
  5 green deaths
  7 fire dragons
  8 ettins
  6 deep elf death magi (Elf:3)
  13 deep elf high priests
  7 merfolk javelineers
  3 jiangshi (Crypt:2)
  7 ragged hierophants (Desolation)
  6 ice dragons
  A hell beast (Depths:1)
  9 servants of whispers (Desolation)
  3 rakshasas
  4 yaktaur captains
  5 great orbs of eyes
  29 vault guards
  7 hydras
  3 salamander tyrants (Snake:4)
  2 ogre magi
  A juggernaut simulacrum (Crypt:2)
  4 catoblepae
  5 boulder beetles
  3 spriggan air magi
  4 peacekeepers
  An anaconda (shapeshifter) (Vaults:5)
  3 death knights
  11 ironbound frosthearts
  11 anacondas
  4 merfolk aquamancers (Shoals:4)
  14 two-headed ogres
  An alligator snapping turtle (Shoals:4)
  A radroach (shapeshifter) (D:15)
  2 vampire magi
  16 naga warriors
  4 orc high priests (Orc:2)
  9 centaur warriors
  2 fenstrider witch skeletons (Crypt:1)
  3 satyrs
  27 dancing weapons
  4 deep troll earth magi
  5 deep troll shamans
  4 death yaks (Lair:5)
  7 tengu warriors
  A soul eater (Gauntlet)
  17 naga sharpshooters
  8 thrashing horrors
  2 hell hogs
  7 spriggan berserkers
  Urug (Lair:2)
  7 sun demons
  3 shock serpents
  6 hell knights
  3 sixfirhies
  22 deep elf knights
  A titan skeleton (Vaults:2)
  A fire crab (shapeshifter) (Vaults:4)
  3 shadow wraiths
  6 iron trolls
  11 sea snakes
  26 skeletal warriors
  A salamander mystic (Snake:2)
  An iron giant zombie (Abyss:2)
  31 deep trolls
  A spriggan simulacrum (Crypt:2)
  2 flayed ghosts
  6 glowing orange brains
  14 wizards
  2 obsidian statues
  15 deep elf archers
  7 naga ritualists
  7 lindwurms
  A bog body (Crypt:2)
  A bunyip skeleton (Crypt:1)
  26 deep elf zephyrmancers
  A golden dragon skeleton (Vaults:2)
  A kraken simulacrum (Shoals:4)
  5 phantasmal warriors
  4 necromancers
  19 ironbound convokers
  11 mana vipers
  An orange crystal statue (Shoals:1)
  5 orc sorcerers
  A wolf spider (Vaults:4)
  39 deep elf pyromancers
  18 harpies
  6 orc knights
  2 oklob plants
  10 manticores
  7 cyclopes
  A worldbinder (Abyss:3)
  14 salamanders
  29 ugly things
  12 fauns
  18 moths of wrath
  A frost giant skeleton (Vaults:2)
  A tengu skeleton (Vaults:2)
  2 sphinx skeletons
  2 fire giant skeletons (Vaults:2)
  4 water nymphs
  7 guardian serpents
  A guardian serpent (shapeshifter) (Vaults:4)
  2 stone giant skeletons (Vaults:2)
  6 elephants (Lair:5)
  29 black mambas
  A molten gargoyle (Desolation)
  20 naga magi
  18 vault sentinels
  2 smoke demons
  A spectral sea snake (Shoals:3)
  5 centaur skeletons
  11 cane toads
  An apocalypse crab (Abyss:4)
  A gargoyle (D:12)
  2 orange demons
  An efreet (D:14)
  3 elf skeletons (Vaults:2)
  7 komodo dragons
  A tormentor (Depths:2)
  3 freezing wraiths
  A komodo dragon (shapeshifter) (Depths:4)
  An unseen horror (D:13)
  20 yaktaurs
  2 rime drakes
  4 tengu conjurers
  A purple draconian skeleton (Crypt:1)
  A polar bear (Lair:5)
  An ancient zyme (Abyss:3)
  4 human skeletons (Vaults:2)
  3 spectral merfolk (Shoals:3)
  A queen bee (D:12)
  2 yaktaur skeletons (Vaults:2)
  26 merfolk
  A white draconian skeleton (Crypt:2)
  6 trolls
  8 hornets
  A harpy zombie (Crypt:1)
  2 tarantellas (Depths:2)
  4 raiju (Abyss:4)
  21 blink frogs
  A shadow dragon simulacrum (Crypt:2)
  43 slime creatures
  A slime creature (shapeshifter) (D:13)
  3 meliai (D:13)
  7 jumping spiders (Depths:2)
  4 wind drakes
  52 saltlings (Desolation)
  12 snapping turtles
  A spectral dream sheep (Gauntlet)
  7 dream sheep
  A jumping spider (shapeshifter) (D:15)
  13 flying skulls (Crypt:3)
  A fire dragon skeleton (Crypt:1)
  An air elemental (Elf:2)
  16 water elementals
  An ettin skeleton (Crypt:1)
  2 spectral komodo dragons (Gauntlet)
  2 ynoxinuls (Abyss:3)
  5 spriggans
  37 yaks
  5 wraiths
  An alligator snapping turtle simulacrum (Shoals:3)
  13 fire elementals
  5 hogs (Lair:4)
  6 wyverns
  A shadow (D:10)
  6 basilisks
  3 chaos spawn
  A wind drake skeleton (Crypt:1)
  2 golden eyes (Lair:5)
  2 steam dragons (D:8)
  7 redbacks
  5 vampire mosquitoes
  A neqoxec (Abyss:3)
  A tyrant leech zombie (Crypt:2)
  Menkaure (D:6)
  3 merfolk simulacra (Shoals:3)
  A sea snake simulacrum (Shoals:3)
  10 large abominations
  2 acid dragons (D:9)
  A harpy simulacrum (Crypt:1)
  Edmund (D:4)
  56 nagas
  3 wargs
  2 ogre skeletons (Vaults:2)
  10 water moccasins
  A cane toad zombie (Crypt:2)
  Duvessa (D:6)
  A glowing shapeshifter skeleton (Crypt:1)
  A floating eye (Depths:3)
  4 hell hounds (Volcano)
  A black bear (D:6)
  33 orc warriors
  2 ice beasts
  A sky beast (D:7)
  An ogre (shapeshifter) (Depths:3)
  17 wolves
  4 starcursed masses (Abyss:4)
  2 boggarts
  7 ogres
  5 small abominations
  11 centaurs
  Blork the orc (D:4)
  6 kobold brigands
  2 phantoms
  13 bullfrogs
  A fire crab zombie (Crypt:1)
  A gnoll sergeant (D:6)
  A necrophage (D:5)
  14 scorpions
  4 earth elementals
  5 wights (D:9)
  Dowan (D:6)
  A yak zombie (Crypt:2)
  A manticore simulacrum (Shoals:3)
  A queen bee zombie (Crypt:1)
  A jelly (D:6)
  A troll skeleton (Crypt:1)
  15 killer bees
  5 howler monkeys
  4 electric eels
  A crimson imp (Abyss:4)
  2 centaur zombies (Ossuary)
  5 hounds
  A quasit (Abyss:3)
  13 orc priests
  3 gnoll boudas
  5 human zombies
  5 iguanas
  29 orc wizards
  12 merfolk sirens
  4 scorpion zombies (Ossuary)
  4 merfolk avatars
  3 mummies (Ossuary)
  26 gnolls
  2 river rats
  7 adders
  3 shadow imps (Gauntlet)
  4 white imps
  2 ufetubi (Abyss:3)
  A lava snake zombie (Crypt:2)
  6 worms
  5 dart slugs
  66 orcs
  10 endoplasms
  5 giant cockroaches
  2 gnoll zombies
  5 goblins
  2 hobgoblins
  3 jackals (D:1)
  12 kobolds
  5 quokkas
  8 ball pythons
  6 bats
  9 frilled lizards
  A frilled lizard skeleton (Crypt:1)
  A giant cockroach zombie (Crypt:2)
  3 hobgoblin zombies (Ossuary)
  A kobold zombie (Ossuary)
  3 orc zombies (Ossuary)
  32 rats
  A rat zombie (Crypt:2)
  2 starspawn tentacles (Abyss:2)
2205 creatures vanquished.

Vanquished Creatures (collateral kills)
  2 death scarabs (Gauntlet)
  A slime creature (Vaults:1)
  A spectral cane toad (Gauntlet)
4 creatures vanquished.

Vanquished Creatures (others)
  A fire dragon (Depths:4)
  A merfolk aquamancer (Shoals:4)
  A deep elf knight (Elf:1)
  A deep elf archer (Elf:2)
  A deep elf pyromancer (Elf:3)
  2 deep elf zephyrmancers
  A manticore (Shoals:4)
  A black mamba (Snake:2)
  A grey draconian skeleton (Crypt:2)
  A saltling (Desolation)
  An orc simulacrum (Crypt:2)
  A harpy simulacrum (Crypt:2)
  35 fungi
  2 lurking horrors
  102 plants
  11 starspawn tentacles
  3 tentacles (Shoals:4)
  A withered plant (Desolation)
167 creatures vanquished.

Grand Total: 2376 creatures vanquished

Notes
Turn   | Place    | Note
-------+----------+-------------------------------------------
     0 | D:1      | Zeld the Minotaur Berserker began the quest for the Orb.
     0 | D:1      | Reached XP level 1. HP: 19/19 MP: 0/0
   182 | D:1      | Found a faded altar of an unknown god.
   201 | D:1      | Reached XP level 2. HP: 11/27 MP: 1/1
   421 | D:1      | Reached XP level 3. HP: 29/33 MP: 2/2
   544 | D:1      | Found Eraolusi's Weapon Emporium.
   584 | D:1      | Reached ** piety under Trog
  1119 | D:2      | Found Zidweoqu's Antique Armour Boutique.
  1542 | D:2      | Reached XP level 4. HP: 40/40 MP: 3/3
  1656 | D:2      | Bought a pair of gloves for 85 gold pieces
  2330 | D:3      | Found a shimmering altar of Xom.
  2684 | D:4      | Noticed Edmund
  2692 | D:4      | Killed Edmund
  2693 | D:4      | Reached skill level 5 in Axes
  2693 | D:4      | Reached XP level 5. HP: 46/47 MP: 4/4
  3173 | D:4      | Noticed Blork the orc
  3196 | D:4      | Killed Blork the orc
  3197 | D:4      | Reached XP level 6. HP: 5/55 MP: 5/5
  3697 | D:4      | Reached skill level 5 in Fighting
  4117 | D:5      | Entered Level 5 of the Dungeon
  4271 | D:4      | Reached *** piety under Trog
  4320 | D:5      | Reached XP level 7. HP: 37/61 MP: 6/6
  4576 | D:5      | Found a glowing drain.
  4589 | Sewer    | Entered a sewer
  4711 | Sewer    | Reached skill level 5 in Armour
  4809 | Sewer    | Reached **** piety under Trog
  5603 | D:5      | Reached skill level 5 in Dodging
  5603 | D:5      | Reached XP level 8. HP: 62/70 MP: 7/7
  6161 | D:6      | Noticed Menkaure
  6165 | D:6      | Found a sand-covered staircase.
  6176 | D:6      | Killed Menkaure
  6247 | Ossuary  | Entered an ossuary
  6762 | Ossuary  | Reached ***** piety under Trog
  6814 | Ossuary  | Reached XP level 9. HP: 79/79 MP: 8/8
  6925 | Ossuary  | Reached skill level 10 in Axes
  7384 | D:6      | Found a staircase to the Ecumenical Temple.
  7405 | Temple   | Entered the Ecumenical Temple
  8572 | D:6      | Noticed Duvessa
  8573 | D:6      | Noticed Dowan
  8596 | D:6      | Killed Duvessa
  8607 | D:6      | Killed Dowan
  9097 | D:7      | Found a glowing golden altar of the Shining One.
  9103 | D:7      | Found a shadowy altar of Dithmenos.
  9157 | D:7      | Identified the +2 pair of boots "Peatsav" {*Slow rC++
                  | Int+4}
  9281 | D:7      | Identified the amulet of Qazlal's Esteem {Acrobat Rampage
                  | Drain Dex+4 Slay+2}
  9422 | D:7      | Found Motar's One-of-a-Kind Rings.
  9697 | D:8      | Found a white marble altar of Elyvilon.
  9710 | D:8      | Noticed a two-headed ogre
  9720 | D:8      | Killed a two-headed ogre
  9721 | D:8      | Reached XP level 10. HP: 90/90 MP: 9/9
 10365 | D:8      | Found a hazy altar of Hepliaklqana.
 10659 | D:9      | Paralysed by a hornet for 1 turns
 10904 | D:9      | You fall into a shaft and drop 1 floor!
 10904 | D:10     | Entered Level 10 of the Dungeon
 11088 | D:10     | Received a gift from Trog
 11385 | D:9      | Found a staircase to the Orcish Mines.
 11388 | D:9      | Found a blossoming altar of Fedhas.
 11407 | D:9      | Found a hide-covered altar of Uskayaw.
 11737 | D:9      | Found a staircase to the Lair.
 11863 | D:9      | Reached XP level 11. HP: 67/99 MP: 10/10
 12198 | D:9      | Noticed a two-headed ogre
 12209 | D:9      | Killed a two-headed ogre
 12210 | D:9      | Reached skill level 10 in Fighting
 12961 | D:10     | Found a sacrificial altar of Ru.
 13177 | D:10     | Noticed a three-headed hydra
 13185 | D:10     | Killed a nine-headed hydra
 13186 | D:10     | Reached skill level 10 in Armour
 13322 | D:10     | Found an ancient bone altar of Kikubaaqudgha.
 13354 | D:10     | Found an iron altar of Okawaru.
 13722 | D:11     | Noticed a boulder beetle
 14186 | D:11     | Noticed a two-headed ogre
 14192 | D:11     | Killed a two-headed ogre
 14254 | D:11     | Noticed a two-headed ogre
 14259 | D:11     | Killed a two-headed ogre
 14658 | D:11     | Noticed a two-headed ogre
 14664 | D:11     | Killed a two-headed ogre
 14703 | D:11     | Noticed a two-headed ogre
 14710 | D:11     | Killed a two-headed ogre
 15418 | D:12     | Found Zosiodgh's Jewellery Emporium.
 15517 | D:12     | Bought a ring of poison resistance for 280 gold pieces
 15610 | D:12     | Noticed a deep elf pyromancer
 15623 | D:12     | Killed a deep elf pyromancer
 16214 | D:12     | Reached skill level 15 in Axes
 16237 | D:12     | Noticed a skeletal warrior
 16261 | D:12     | Killed a skeletal warrior
 16446 | D:12     | Noticed a skeletal warrior
 16462 | D:12     | Killed a skeletal warrior
 16463 | D:12     | Reached skill level 10 in Dodging
 16463 | D:12     | Reached XP level 12. HP: 98/110 MP: 11/11
 17134 | D:13     | Noticed an eight-headed hydra
 17142 | D:13     | Killed a three-headed hydra
 17540 | Lair:1   | Entered Level 1 of the Lair of Beasts
 18365 | Lair:1   | Noticed a seven-headed hydra
 18379 | Lair:1   | Killed a four-headed hydra
 18696 | Lair:2   | Noticed Urug
 18709 | Lair:2   | Found a gate leading to a gauntlet.
 18718 | Gauntlet | Entered a Gauntlet
 18718 | Gauntlet | Found a transporter.
 18718 | Gauntlet | Found a transporter.
 18719 | Gauntlet | Found a transporter.
 18719 | Gauntlet | Found a transporter.
 18722 | Gauntlet | Found a transporter.
 18722 | Gauntlet | Found a transporter.
 18732 | Gauntlet | Found a transporter.
 18736 | Gauntlet | Found a transporter.
 18738 | Gauntlet | Found a large runed translucent door.
 18739 | Gauntlet | Found a large runed translucent door.
 18740 | Gauntlet | Found a large runed translucent door.
 18740 | Gauntlet | Found a large runed translucent door.
 18740 | Gauntlet | Found a runed translucent door.
 18740 | Gauntlet | Found a runed translucent door.
 18741 | Gauntlet | Found a large runed translucent door.
 18742 | Gauntlet | Found a large runed translucent door.
 18743 | Gauntlet | Found a large runed translucent door.
 18743 | Gauntlet | Found a large runed translucent door.
 18744 | Gauntlet | Found a runed translucent gate.
 18744 | Gauntlet | Found a runed translucent gate.
 18744 | Gauntlet | Found a runed translucent gate.
 18745 | Gauntlet | Noticed a death scarab
 18746 | Gauntlet | Found a transporter.
 18750 | Gauntlet | Noticed an entropy weaver
 18750 | Gauntlet | Noticed a death scarab
 18751 | Gauntlet | Found a transporter.
 18770 | Gauntlet | Found a transporter.
 18774 | Gauntlet | Found a transporter.
 18853 | Gauntlet | Found a large runed translucent door.
 18854 | Gauntlet | Found a large runed translucent door.
 18855 | Gauntlet | Found a large runed translucent door.
 18855 | Gauntlet | Found a large runed translucent door.
 18856 | Gauntlet | Found a large runed translucent door.
 18857 | Gauntlet | Found a large runed translucent door.
 18858 | Gauntlet | Found a large runed translucent door.
 18858 | Gauntlet | Found a large runed translucent door.
 19387 | Gauntlet | Reached XP level 13. HP: 95/119 MP: 12/12
 19522 | Gauntlet | Identified the +0 helmet "Uroegih" {rElec rC- Will++ Int+2}
 19906 | Gauntlet | Identified the +1 shortbow of Disembowelment {flame, *Slow
                  | rPois Int+4}
 19906 | Gauntlet | Identified the ring of Bitagroi {rN++ Will+ Str+3 Dex+6
                  | SInv}
 19906 | Gauntlet | Noticed a minotaur
 19916 | Gauntlet | Killed a minotaur
 20003 | Gauntlet | Identified the +7 broad axe of the Swamp {vorpal, rCorr}
 20022 | Lair:2   | Killed Urug
 20618 | Lair:2   | Identified the +4 cloak of the Good {*Slow rPois Will+}
 20621 | Lair:2   | Found a staircase to the Shoals.
 21285 | Lair:3   | Noticed Rupert
 21289 | Lair:3   | Paralysed by Rupert for 2 turns
 21293 | Lair:3   | Found a dark tunnel.
 21300 | Volcano  | Entered a volcano
 22619 | Lair:3   | Killed Rupert
 22619 | Lair:3   | Received a gift from Trog
 23054 | Lair:3   | Found a staircase to the Snake Pit.
 25075 | Lair:4   | Noticed Kirke
 25085 | Lair:4   | Killed Kirke
 25086 | Lair:4   | Reached XP level 14. HP: 119/132 MP: 13/13
 25490 | Lair:5   | Entered Level 5 of the Lair of Beasts
 25950 | Lair:5   | Found a staircase to the Slime Pits.
 25953 | Lair:5   | Identified the +6 quarterstaff "Urerousa" {freeze, *Slow
                  | rC+ Will+ Dex+7}
 26837 | Lair:5   | Reached skill level 15 in Fighting
 27302 | Lair:5   | Reached skill level 15 in Armour
 27532 | Orc:1    | Entered Level 1 of the Orcish Mines
 27589 | Orc:2    | Entered Level 2 of the Orcish Mines
 27589 | Orc:2    | Noticed an orc warlord
 27872 | Orc:1    | Killed an orc warlord
 28035 | Orc:2    | Found Ogixet's Magic Scroll Shop.
 28173 | Orc:2    | Found Piko's Antique Armour Boutique.
 28196 | Orc:2    | Bought a scroll of identify for 30 gold pieces
 28196 | Orc:2    | Bought a scroll of blinking for 112 gold pieces
 28196 | Orc:2    | Bought a scroll of identify for 30 gold pieces
 28196 | Orc:2    | Bought a scroll of teleportation for 45 gold pieces
 28196 | Orc:2    | Bought a scroll of magic mapping for 112 gold pieces
 28196 | Orc:2    | Bought a scroll of enchant weapon for 112 gold pieces
 28197 | Orc:2    | Found Ceom's Weapon Shoppe.
 28649 | Orc:2    | Reached ****** piety under Trog
 29080 | Orc:2    | Received a gift from Trog
 29550 | Orc:2    | Noticed an orc warlord
 29577 | Orc:2    | Killed an orc warlord
 29702 | Orc:2    | Found a staircase to the Elven Halls.
 29723 | Orc:2    | Found Avvoerch's Weapon Shop.
 29796 | Orc:2    | Found Jeukhluo's Weapon Shoppe.
 29853 | Orc:2    | Found Seaxtuac's Antique Armour Shop.
 29854 | Orc:2    | Found Paehom's Antique Weapon Shop.
 29856 | Orc:2    | Found Ruet's General Store.
 29856 | Orc:2    | Found Yngib's Book Boutique.
 29872 | Orc:2    | Bought a wand of mindburst (6) for 117 gold pieces
 29872 | Orc:2    | Bought a scroll of summoning for 133 gold pieces
 29957 | Orc:2    | Reached XP level 15. HP: 143/143 MP: 14/14
 30499 | D:13     | Noticed Frances
 30929 | D:13     | Killed Frances
 31034 | D:13     | Received a gift from Trog
 31138 | D:13     | Found a gate to the Vaults.
 31472 | D:14     | Reached skill level 1 in Evocations
 32138 | D:14     | Found a runed translucent gate.
 32139 | D:14     | Found a runed translucent gate.
 32139 | D:14     | Found a runed translucent gate.
 32140 | D:14     | Found an opulent altar of Gozag.
 32141 | D:14     | Found Wiaczos's Assorted Antiques.
 32141 | D:14     | Noticed a tengu reaver
 32141 | D:14     | Noticed Jaliuk's ghost (journeyman DECj)
 32143 | D:14     | Found Cemuqur's Assorted Antiques.
 32469 | D:14     | Reached skill level 15 in Dodging
 32866 | D:15     | Entered Level 15 of the Dungeon
 33792 | D:15     | Found a staircase to the Depths.
 34334 | D:13     | Killed a tengu reaver
 34501 | D:14     | Killed Jaliuk's ghost
 34502 | D:14     | Reached skill level 5 in Evocations
 34505 | D:13     | Received a gift from Trog
 34869 | D:14     | Bought a scroll of identify for 40 gold pieces
 34869 | D:14     | Bought a scroll of identify for 40 gold pieces
 34869 | D:14     | Bought a wand of mindburst (8) for 224 gold pieces
 34869 | D:14     | Bought a scroll of identify for 40 gold pieces
 34881 | D:14     | Bought a fizzy coppery potion for 23 gold pieces
 34881 | D:14     | Bought a scroll of identify for 52 gold pieces
 34881 | D:14     | Bought a white potion for 23 gold pieces
 34881 | D:14     | Bought a scroll of enchant armour for 195 gold pieces
 34881 | D:14     | Bought a potion of curing for 78 gold pieces
 34886 | D:14     | Identified a scroll of acquirement
 34894 | D:14     | Acquired a manual of Armour
 35064 | Snake:1  | Entered Level 1 of the Snake Pit
 35214 | Snake:1  | Found Hexo's General Store.
 35233 | Snake:1  | Bought 2 potions of invisibility for 208 gold pieces
 35233 | Snake:1  | Bought a lightning rod (4/4) for 390 gold pieces
 35233 | Snake:1  | Bought a potion of heal wounds for 65 gold pieces
 35233 | Snake:1  | Bought a scroll of teleportation for 39 gold pieces
 35233 | Snake:1  | Bought 2 potions of invisibility for 208 gold pieces
 35233 | Snake:1  | Bought a scroll of blinking for 97 gold pieces
 35503 | Snake:1  | Reached XP level 16. HP: 148/156 MP: 15/15
 38721 | Snake:2  | Received a gift from Trog
 40410 | Snake:3  | Noticed Louise
 40427 | Snake:3  | Killed Louise
 40908 | Snake:4  | Entered Level 4 of the Snake Pit
 41795 | Snake:4  | Reached XP level 17. HP: 153/168 MP: 16/16
 42414 | Snake:4  | Received a gift from Trog
 43023 | Snake:4  | Noticed Aizul
 43036 | Snake:4  | Killed Aizul
 44199 | Snake:4  | Identified the +11 battleaxe of the Well-Known Xenops
                  | {vorpal, rC+ Dex+4} (Trog gifted it to you on level 4 of
                  | the Snake Pit)
 44199 | Snake:4  | Received a gift from Trog
 45318 | Snake:4  | Got a serpentine rune of Zot
 45743 | Shoals:1 | Entered Level 1 of the Shoals
 46031 | Shoals:1 | Found a transporter.
 46110 | Shoals:1 | Reached skill level 10 in Evocations
 46129 | Shoals:1 | Found a transporter.
 46680 | Shoals:1 | Received a gift from Trog
 46826 | Shoals:1 | Identified the +2 trident of the Nexus {drain, Will+ Str+4}
 47020 | Shoals:1 | Identified the ring of Otachife {Ice Will+ MP+9 Str+3
                  | Dex-2}
 47026 | Shoals:1 | Identified the +1 pair of boots of the Other World {+Inv
                  | rElec MP+9}
 47493 | Shoals:2 | Identified the +0 robe of Ijumpux {rElec Str+3}
 49084 | Shoals:3 | Found a runed translucent gate.
 49084 | Shoals:3 | Found a runed translucent gate.
 49084 | Shoals:3 | Found a runed translucent gate.
 49095 | Shoals:3 | Reached XP level 18. HP: 172/180 MP: 17/17
 49200 | Shoals:3 | Noticed LustLizard's ghost (adept DjFE)
 49390 | Shoals:3 | Received a gift from Trog
 49929 | Shoals:3 | Killed LustLizard's ghost
 50257 | Shoals:4 | Entered Level 4 of the Shoals
 50260 | Shoals:4 | Found Foucs's Antique Armour Emporium.
 50267 | Shoals:4 | Bought a runed plate armour for 780 gold pieces
 50479 | Shoals:4 | Found Jaqompo's Book Emporium.
 50488 | Shoals:4 | Identified the +1 leather armour "Baneyru" {Dex+4 SInv}
 50509 | Shoals:4 | Noticed Ilsuiw
 50526 | Shoals:4 | Killed Ilsuiw
 50876 | Shoals:4 | Found Gaoshrai's Armour Shop.
 51687 | Shoals:4 | Got a barnacled rune of Zot
 52072 | Shoals:4 | Found Holutwag's Assorted Antiques.
 52118 | Shoals:4 | Bought a scroll of identify for 44 gold pieces
 52118 | Shoals:4 | Bought a scroll of enchant armour for 165 gold pieces
 52511 | Shoals:4 | Identified the +1 leather armour of Card Tricks {*Slow +Inv
                  | rN++ Will+++}
 52953 | Vaults:1 | Entered Level 1 of the Vaults
 52982 | Vaults:1 | Received a gift from Trog
 54562 | Vaults:1 | Noticed Zenata
 54584 | Vaults:1 | Killed Zenata
 54906 | Vaults:1 | Found Dator's General Store.
 54915 | Vaults:1 | Bought a scroll of identify for 32 gold pieces
 54915 | Vaults:1 | Bought a scroll of blinking for 120 gold pieces
 55494 | Vaults:2 | Received a gift from Trog
 55560 | Vaults:2 | Reached XP level 19. HP: 127/191 MP: 18/18
 56448 | Vaults:2 | Found a staircase to the Crypt.
 57233 | Vaults:2 | Received a gift from Trog
 57822 | Vaults:3 | Found a glowing golden altar of the Shining One.
 57823 | Vaults:3 | Found a crumbling gateway.
 57823 | Vaults:3 | Found a glowing silver altar of Zin.
 57867 | Vaults:3 | Found a white marble altar of Elyvilon.
 57887 | Desolati | Entered the Desolation of Salt
 58474 | Desolati | Identified the +9 arbalest of Zuam {elec, rC+ Int+2 SInv}
 58647 | Desolati | Identified the ring "Ras Esit" {*Corrode Fly rElec rN+++
                  | Str-3}
 58651 | Desolati | Found the +3 Mad Mage's Maulers {Infuse+∞ RegenMP Int-3}
 58675 | Desolati | Identified the +8 long sword of the Eternal Warrior
                  | {protect, rN+ Str+2}
 59032 | Desolati | Identified the +1 scale mail of Rifuv {Dex+3 Slay+3}
 59287 | Desolati | Received a gift from Trog
 60643 | Vaults:3 | Identified the +6 morningstar of Big Damage {freeze, *Slow
                  | rPois rN++ Int+3}
 61056 | Vaults:3 | Found Onleb's Antique Armour Shoppe.
 61315 | Vaults:3 | Received a gift from Trog
 61942 | Vaults:1 | Bought 2 potions of cancellation for 256 gold pieces
 61992 | Crypt:1  | Entered Level 1 of the Crypt
 62529 | Vaults:4 | Reached XP level 20. HP: 204/204 MP: 1/19
 64011 | Vaults:5 | Entered Level 5 of the Vaults
 64975 | Elf:1    | Entered Level 1 of the Elven Halls
 64982 | Elf:1    | Received a gift from Trog
 65640 | Elf:1    | Acquired 775 gold pieces
 65644 | Elf:1    | Acquired a manual of Evocations
 66442 | Elf:1    | Received a gift from Trog
 66444 | Elf:1    | Reached skill level 15 in Evocations
 66911 | Shoals:4 | Bought the +2 pair of gloves of Calculation {Contam rPois
                  | rC++ Str+2} for 668 gold pieces
 67199 | Elf:2    | Paralysed by an air elemental for 1 turns
 67487 | Elf:2    | Found a runed translucent gate.
 67536 | Elf:2    | Found a runed translucent gate.
 67536 | Elf:2    | Found a runed translucent gate.
 67592 | Elf:3    | Entered Level 3 of the Elven Halls
 69882 | Elf:3    | Identified the +5 trident of a Gauntlet {freeze, rPois
                  | Will+ Dex+4 SInv}
 70008 | Elf:3    | Received a gift from Trog
 70479 | Elf:3    | Identified the +5 spear of Disorder {venom, Fragile Fly rF+
                  | rC++}
 70521 | Elf:3    | Identified the +1 chain mail of the Sun {rPois Int+3}
 70622 | Elf:3    | Reached XP level 21. HP: 203/215 MP: 0/20
 73349 | Depths:1 | Entered Level 1 of the Depths
 73349 | Depths:1 | Found an opulent altar of Gozag.
 73858 | D:15     | Received a gift from Trog
 74276 | Depths:1 | Found a gateway to Hell.
 74513 | Depths:1 | Found a broken altar of Ashenzari.
 74828 | Depths:1 | Found Naopt's Jewellery Shop.
 74828 | Depths:1 | Found Zeteng's Book Emporium.
 74829 | Depths:1 | Found Yjumal's Book Emporium.
 75053 | Depths:2 | Identified the +6 quarterstaff "Jaagunt" {freeze, rC+ rN+
                  | Will+}
 75211 | Depths:2 | Identified the amulet "Porux" {Spirit Str+4}
 75514 | Depths:2 | Received a gift from Trog
 76279 | Depths:2 | Found a one-way gate leading to the halls of Pandemonium.
 78200 | Depths:3 | Received a gift from Trog
 78773 | Depths:3 | Reached XP level 22. HP: 218/228 MP: 0/21
 79149 | Depths:3 | Found a one-way gate to the infinite horrors of the Abyss.
 79279 | Depths:3 | Noticed a golden dragon
 79462 | Depths:3 | Killed a golden dragon
 79970 | Depths:3 | Found Laloi's Distillery.
 79974 | Depths:3 | Found Geich's Book Shop.
 79975 | Depths:3 | Found Qierch's Distillery.
 79978 | Depths:3 | Bought a potion of haste for 180 gold pieces
 79978 | Depths:3 | Bought a potion of cancellation for 144 gold pieces
 79978 | Depths:3 | Bought a potion of haste for 180 gold pieces
 79978 | Depths:3 | Bought a potion of curing for 54 gold pieces
 79978 | Depths:3 | Bought a potion of cancellation for 144 gold pieces
 79978 | Depths:3 | Bought a potion of curing for 54 gold pieces
 79978 | Depths:3 | Bought a potion of invisibility for 144 gold pieces
 79978 | Depths:3 | Bought a potion of flight for 54 gold pieces
 80099 | Depths:3 | Bought a potion of heal wounds for 70 gold pieces
 80099 | Depths:3 | Bought a potion of haste for 140 gold pieces
 80099 | Depths:3 | Bought a potion of curing for 42 gold pieces
 80099 | Depths:3 | Bought a potion of curing for 42 gold pieces
 80099 | Depths:3 | Bought a potion of curing for 42 gold pieces
 80099 | Depths:3 | Bought a potion of invisibility for 112 gold pieces
 80099 | Depths:3 | Bought a potion of berserk rage for 70 gold pieces
 80099 | Depths:3 | Bought a potion of cancellation for 112 gold pieces
 80193 | Depths:3 | Paralysed by a floating eye for 2 turns
 80528 | Depths:3 | You fall into a shaft and drop 1 floor!
 80528 | Depths:4 | Entered Level 4 of the Depths
 80556 | Depths:3 | Received a gift from Trog
 82024 | Depths:4 | Found a hazy altar of Hepliaklqana.
 82148 | Depths:4 | Noticed a caustic shrike
 82150 | Depths:4 | Noticed a golden dragon
 82156 | Depths:4 | Killed a caustic shrike
 82170 | Depths:4 | Killed a golden dragon
 82220 | Depths:4 | Noticed a golden dragon
 82452 | Depths:4 | Killed a golden dragon
 82805 | Depths:4 | Found a one-way gateway to a ziggurat.
 82860 | Depths:4 | Identified the +5 long sword "Weewasho" {spect, Will+}
 82861 | Depths:4 | Found a gate to the Realm of Zot.
 83286 | Depths:4 | Identified the +5 morningstar "Biucrer" {freeze, rC+ Will+
                  | Str+3 Dex-5}
 83298 | Depths:4 | Identified the ring "Joimitwe" {Int+2 SInv}
 83695 | Vaults:4 | Received a gift from Trog
 84253 | Vaults:5 | Noticed Bai Suzhen
 84254 | Vaults:5 | Reached skill level 27 in Fighting
 84318 | Vaults:4 | Killed Bai Suzhen
 84405 | Vaults:5 | Reached XP level 23. HP: 126/240 MP: 1/22
 84778 | Vaults:5 | Received a gift from Trog
 84783 | Abyss:2  | Cast into level 2 of the Abyss (a deep elf sorcerer)
 85162 | Abyss:3  | Found a corrupted altar of Lugonu.
 85176 | Abyss:3  | Found a corrupted altar of Lugonu.
 85439 | Abyss:3  | Found a corrupted altar of Lugonu.
 85469 | Abyss:3  | Found a viscous altar of Jiyva.
 85641 | Abyss:4  | Received a gift from Trog
 85662 | Abyss:4  | Found a corrupted altar of Lugonu.
 85719 | Abyss:4  | Paralysed by you for 2 turns
 85725 | Vaults:5 | Escaped the Abyss
 85726 | Vaults:5 | Identified the +2 robe "Igiroung" {Regen+ Str+2 Int-2}
 86525 | Vaults:5 | Identified the +7 great mace "Mixzic" {pain, *Rage Str+3
                  | Dex+7}
 87987 | Vaults:5 | Identified the +7 arbalest "Teruolif" {venom, Dex+4}
 87991 | Vaults:5 | Got a silver rune of Zot
 88018 | Vaults:5 | Received a gift from Trog
 88322 | Vaults:5 | Identified the ring of the Aged Cities {Fly rF++ rN+++
                  | rCorr}
 88651 | Vaults:5 | Identified the +4 plate armour of Springtime {Dex+2}
 88746 | Vaults:5 | Identified the +4 dire flail of Terror {vorpal, Int+2
                  | Dex+3}
 88767 | Vaults:5 | Identified the +2 leather armour of the Planets {-Tele rN+
                  | Int+6}
 89147 | Vaults:5 | Noticed a dread lich
 89159 | Vaults:5 | Killed a dread lich
 89397 | Vaults:5 | Identified the +8 lajatang of Guile {vorpal, Stlth+}
 89417 | Vaults:5 | Identified the +2 scale mail of Dunire {rElec rF+++ Int-5
                  | Slay+3}
 89612 | Vaults:5 | Identified the +4 great sword "Joeph" {flame, Stlth+}
 90123 | Elf:3    | Gained mutation: Your magical capacity is low. (-10% MP) [a
                  | cacodemon]
 90758 | Elf:3    | Identified the +8 shortbow of Honour {venom, +Blink rCorr}
 90761 | Elf:3    | Identified the +4 sling of Ycwo {venom, Dex+5}
 91108 | Elf:1    | Found an ancient bone altar of Kikubaaqudgha.
 91382 | Slime:1  | Entered Level 1 of the Pits of Slime
 91401 | Lair:5   | Received a gift from Trog
 92330 | Crypt:1  | Reached XP level 24. HP: 242/247 MP: 2/19
 93193 | Crypt:2  | Identified the ring "Cuurch Paykh" {Ice rN+ Str+3}
 93193 | Crypt:2  | Noticed Josephina
 93487 | Crypt:2  | Killed Josephina
 95174 | Crypt:3  | Entered Level 3 of the Crypt
 95702 | Zot:1    | Entered Level 1 of the Realm of Zot
 95735 | Zot:1    | Identified the +3 battleaxe of Chaos {flame, Dex+4} (Trog
                  | gifted it to you on level 1 of the Realm of Zot)
 95735 | Zot:1    | Received a gift from Trog
 97171 | Zot:1    | Reached skill level 27 in Armour
 98487 | Zot:3    | Received a gift from Trog
 99302 | Zot:3    | Reached XP level 25. HP: 240/257 MP: 1/19
 99417 | Zot:3    | Reached skill level 1 in Shields
101783 | Zot:5    | Entered Level 5 of the Realm of Zot
101789 | Zot:5    | Noticed a Killer Klown
102197 | Zot:4    | Killed a Killer Klown
102570 | Zot:5    | Noticed a dread lich
102646 | Zot:5    | Identified the +2 battleaxe of the Aged Deaths {vorpal,
                  | rF+++ rC- Dex+5} (Trog gifted it to you on level 5 of the
                  | Realm of Zot)
102646 | Zot:5    | Received a gift from Trog
102647 | Zot:5    | Reached skill level 5 in Shields
102895 | Zot:5    | Noticed an orb of fire
102898 | Zot:5    | Noticed an orb of fire
102907 | Zot:4    | Gained mutation: You are partially covered in iridescent
                  | scales. (AC +2) [an orb of fire]
102917 | Zot:4    | Gained mutation: Your spells are a little easier to cast,
                  | but a little less powerful. [an orb of fire]
102918 | Zot:4    | Killed an orb of fire
103196 | Zot:5    | Noticed a Killer Klown
103198 | Zot:5    | Gained mutation: Your magical capacity is very low. (-20%
                  | MP) [an orb of fire]
103207 | Zot:5    | Noticed an orb of fire
103211 | Zot:4    | Killed an orb of fire
103308 | Zot:5    | Noticed an orb of fire
103320 | Zot:4    | Gained mutation: You expend magic power (3 MP) to
                  | strengthen your wands. [an orb of fire]
103322 | Zot:4    | Gained mutation: Armour fits poorly on your strangely
                  | shaped body. [an orb of fire]
103329 | Zot:4    | Killed an orb of fire
103587 | Zot:5    | Killed a Killer Klown
103592 | Zot:5    | Noticed an orb of fire
103599 | Zot:4    | Gained mutation: You are weak. (Str -2) [an orb of fire]
103606 | Zot:4    | Killed an orb of fire
104020 | Zot:5    | Gained mutation: You are clumsy. (Dex -2) [an orb of fire]
104022 | Zot:5    | Killed an orb of fire
104275 | Zot:5    | Noticed a Killer Klown
104280 | Zot:5    | Noticed an ancient lich
104306 | Zot:4    | Killed an ancient lich
104632 | Zot:4    | Killed a dread lich
104879 | Zot:5    | Noticed a Killer Klown
104881 | Zot:5    | Lost intelligence.
104992 | Zot:4    | Killed a Killer Klown
105822 | Zot:5    | Lost intelligence.
106338 | Zot:5    | Lost intelligence.
106341 | Zot:5    | Killed a Killer Klown
106850 | Zot:3    | HP: 11/385 [poisoned by a green draconian]
106850 | Zot:3    | HP: 3/385 [green draconian/+0 halberd (8)]
106851 | Zot:3    | Succumbed to a green draconian's poison

Illustrated notes

Levels and vault maps discovered:
D:1:      heliophobic_arrival_dark_side_of_the_moon, layout_loops_ring,
          shapermc_ecumenical_altar_mp_urbaneastern, serial_shops,
          nicolae_shop_hallway_stairs
D:2:      layout_basic, serial_shops, nicolae_shop_waterfront
D:3:      layout_loops_ring, lemuel_coloured_pillars_altar, serial_park_tiny_2
D:4:      minmay_spotlight, layout_loops_corners, kennysheep_opposing_triangles,
          uniq_edmund, uniq_blork_the_orc
D:5:      layout_gridville, cheibrodos_sewer_entry_sluice,
          kennysheep_generic_room_15
D:6:      layout_basic, minmay_temple_entry_mist, enter_ossuary_5, minmay_holes,
          uniq_menkaure, uniq_duvessa
D:7:      layout_cave_pools, minitemple, nicolae_shop_unique_rings
D:8:      layout_cave_pools, elyvilon_altar_5,
          mainiacjoe_overflow_surrounded_room, serial_rivers,
          chequers_serial_rivers_marsh, chequers_serial_rivers_micro_b,
          chequers_serial_rivers_micro_b, chequers_serial_rivers_micro_c,
          chequers_serial_rivers_large_a, chequers_serial_rivers_micro_c
D:9:      hangedman_cross_stitches, layout_irregular_city,
          mainiacjoe_overflow_chevrons, lemuel_crystal_altar, erik_lair_island,
          supply_closet_lemuel, minivault_27, hangedman_decor_slide_cut,
          kennysheep_cross_bottleneck
D:10:     layout_stronghold, okawaru_trees_1, kennysheep_mini,
          nicolae_ru_sacrificial_ziggurat, hangedman_ranch
D:11:     layout_basic, hangedman_decor_opposing
D:12:     layout_loops_ring, serial_shops, nicolae_inconvenience_store,
          hive_lemuel
D:13:     layout_long_grid, hangedman_vaults_entry_quadrant_bands,
          serial_co_window_serial, co_window_of_opportunity_a,
          co_window_corner_a, co_window_paths_b, co_window_paths_a,
          co_window_of_opportunity_a, co_window_paths_a, co_window_paths_a,
          co_window_paths_a, co_window_corner_a, co_window_broadway_b,
          co_window_of_opportunity_c, co_window_of_opportunity_b,
          co_window_of_opportunity_c, co_window_broadway_c,
          co_window_unsneaky_path_b, co_window_paths_d, glass_columns_a,
          glass_columns_b, glass_columns_b, glass_columns_c, glass_columns_b,
          uniq_frances
D:14:     minmay_wizard_corner, layout_loops_ring, serial_rivers,
          chequers_serial_rivers_small_a, chequers_serial_rivers_room_b,
          chequers_serial_rivers_small_b, chequers_serial_rivers_small_b,
          ebering_ghost_gozag, minmay_misc_feat_columns
D:15:     gammafunk_enter_depths_forms, layout_rooms, grunt_decor_fettered,
          nicolae_underground_beach
Temple:   nicolae_temple_hex_pool
Lair:1:   layout_hall_layers, serial_bayou_lake_a, infiniplex_staircase_pool_2,
          grunt_megastairs_4
Lair:2:   layout_long_grid, elwin_shoals_entry_stream, gauntlet_entry_generic,
          lemuel_fruit_tree, uniq_urug
Lair:3:   dpeg_oklob_gauntlet, layout_small_grid, dummy_snake_entry,
          enter_volcano_2, uniq_rupert
Lair:4:   layout_cave_pods, chequers_serial_rivers_micro_b, uniq_kirke
Lair:5:   evilmike_catoblepas_cave, layout_long_grid, slime_entry_1,
          fungi_pond_lemuel, minmay_lair_oklob_items, grunt_megastairs_1,
          serial_bayou_shore_b
Shoals:1: gammafunk_sealed_arena, layout_shoals
Shoals:2: layout_shoals
Shoals:3: layout_shoals, gammafunk_ghost_necromancy
Shoals:4: shoals_end_grunt_ice, layout_shoals, shoals_ilsuiw_alternative,
          serial_shops, shop, shop, nicolae_shop_crystal,
          nicolae_shop_hallway_stairs
Snake:1:  layout_grid_maze, serial_shops, nicolae_shop_statue_plus,
          grunt_megastairs_3
Snake:2:  layout_basic
Snake:3:  layout_gridlike, uniq_louise
Snake:4:  minmay_snake_end_coiled, layout_chambers, uniq_aizul
Slime:1:  layout_caves
Orc:1:    layout_diamond_mine
Orc:2:    st_orc_congregation, layout_diamond_mine, serial_shops,
          nicolae_shop_bloodbath_and_beyond, shop, shop_statue, shop,
          nicolae_shop_hallway_plus
Elf:1:    nicolae_elf_arrival_fired_up, layout_gridlike,
          hangedman_elf_disciples, amcnicky_mini_pool_small,
          lemuel_upstairs_altar
Elf:2:    nicolae_elf_blades_crystal_corner, layout_loops_corners
Elf:3:    minmay_elf_hall_not_hex, layout_geoelf_diagonals, drop_trap,
          minivault_25_ag
Vaults:1: v_misc_33, st_lattice, nicolae_vaults_rhombus_6,
          hangedman_vaults_stream, grunt_vaults_funnel,
          nicolae_vaults_little_squares_4, grunt_vaults_swirl,
          vaults_room_hallway, nicolae_vaults_asterisk,
          nicolae_vaults_back_hallway, vaults_room_pools, layout_vaults_omnibox,
          serial_shops, nicolae_shop_crystal, uniq_zenata
Vaults:2: hangedman_vaults_impose, minmay_crypt_entry_skeletal_spiral,
          hangedman_vaults_maws, vaults_mumra_lcd, hangedman_vaults_variations,
          vaults_room_pools, v_misc_24, vaults_room_grid,
          layout_vaults_chaotic_city
Vaults:3: portal_desolation_entry_holy_temple, hangedman_vaults_slither,
          vaults_room_fours, v_pattern_4, layout_vaults_omnigrid, serial_shops,
          shop
Vaults:4: vaults_room_glass_cross, v_misc_4, vaults_dpeg_ring,
          hangedman_vaults_stretched_pinwheel, v_misc_28,
          nicolae_vaults_circle_grid_a, nicolae_vaults_twisting_passages,
          hangedman_vaults_locks, nicolae_vaults_little_squares_2,
          layout_vaults_maze
Vaults:5: uniq_bai_suzhen
Crypt:1:  layout_rooms
Crypt:2:  layout_misc_corridors, grunt_megastairs_2, uniq_josephina
Crypt:3:  cryptofortress_bobbens
Depths:1: layout_big_octagon, grunt_mini_vestibule, grunt_gozag_statues,
          hangedman_abyss_or_decor_lesser_grid, nicolae_ashenzari_skybound,
          minmay_shop_grove
Depths:2: cheibrodos_poisonous_passages, layout_gridlike,
          rand_demon_pan_entry_3, hell_entry, minmay_staircase_windowed_small
Depths:3: hangedman_cross_veins, layout_twisted_cross, hangedman_geh_valley,
          abyss_entry_small_statue_room, serial_bayou_shore_a, minmay_shop_star
Depths:4: grunt_twist_and_shout, layout_cave_shapes, enter_ziggurat_d,
          nzn_hepliaklqana_mist_gate, hell_entry, minmay_pinched_square
Zot:1:    layout_misc_corridors
Zot:2:    layout_basic
Zot:3:    dreamdust_zin_vs_xom, layout_misc_corridors, zot_minivault_4
Zot:4:    layout_basic
Zot:5:    layout_basic

Skill      XL: |  1  2  3  4  5  6  7  8  9 10 11 12 13 14 15 16 17 18 19 20 21 22 23 24 25 |
---------------+----------------------------------------------------------------------------+-----
Axes           | 4 5 6 8 9 11 13 15 16 18 | 18.0
Fighting       | 4 5 6 7 8 9 11 12 14 15 17 19 20 22 23 24 25 27 | 27.0
Armour         | 3 4 5 6 8 9 10 12 13 15 16 18 20 21 22 23 24 25 27 | 27.0
Dodging        | 3 4 5 6 7 8 10 11 12 14 15 16 17 18 19 20 21 24 25 | 25.6
Evocations     | 5 8 10 12 14 16 18 20 21 22 | 22.8
Shields        | 7 |  7.8

Action                   |  1- 3 |  4- 6 |  7- 9 | 10-12 | 13-15 | 16-18 | 19-21 | 22-24 | 25-27 || total
-------------------------+-------+-------+-------+-------+-------+-------+-------+-------+-------++-------
Melee: Hand axe          |    76 |   119 |   448 |    97 |       |       |       |       |       ||   740
       Headbutt          |    13 |    18 |   109 |   123 |   205 |   310 |   333 |   461 |   111 ||  1683
       Punch             |       |     1 |     4 |       |       |       |       |       |       ||     5
       War axe           |       |       |    22 |   353 |    47 |       |       |       |       ||   422
       Broad axe         |       |       |       |       |   866 |  1159 |  1179 |  1359 |   334 ||  4897
       Unarmed           |       |       |       |       |       |       |       |       |     2 ||     2
Invok: Berserk           |       |     3 |     2 |    10 |     6 |     6 |     5 |    10 |     6 ||    48
       Trog's Hand       |       |       |       |     1 |       |       |       |     6 |       ||     7
       Brothers in Arms  |       |       |       |       |     2 |     1 |     1 |       |     1 ||     5
Evoke: Wand              |       |       |       |     1 |       |       |       |     2 |       ||     3
  Use: Scroll            |       |       |     8 |     4 |    24 |    16 |     9 |    11 |     6 ||    78
       Potion            |       |       |       |       |       |     1 |       |     2 |     2 ||     5
 Stab: Petrifying        |       |       |       |       |     2 |       |       |       |       ||     2
       Petrified         |       |       |       |       |     1 |       |       |       |       ||     1
       Distracted        |       |       |       |       |       |       |     1 |       |       ||     1
Armor: Animal skin       |     6 |       |       |       |       |       |       |       |       ||     6
       Plate armour      |    33 |    71 |   296 |   206 |   310 |   456 |   553 |   165 |       ||  2090
       Skin              |       |       |       |       |     2 |       |       |       |     1 ||     3
       Gold dragon scale |       |       |       |       |       |       |       |   707 |   190 ||   897
Dodge: Dodged            |    44 |    43 |   190 |   236 |   501 |   808 |   759 |  1255 |   319 ||  4155
Block: Buckler           |       |       |    11 |    66 |   110 |    16 |       |       |       ||   203
       Kite shield       |       |       |       |       |       |   549 |   522 |   783 |   221 ||  2075
       Reflection        |       |       |       |       |       |    77 |    32 |    16 |     6 ||   131
